[Event "Grand Prix Romania 1st Stage 2024"]
[Site "Bucuresti"]
[Date "2024.03.23"]
[Round "3.12"]
[White "Chigaev, Maksim"]
[Black "Daianu, Cristian-Clement"]
[Result "1-0"]
[ECO "B80"]
[WhiteElo "2617"]
[BlackElo "2201"]
[Annotator "TA"]
[PlyCount "63"]
[EventDate "2024.03.20"]
[EventType "swiss"]
[EventCountry "ROU"]
[SourceTitle "playchess.com"]
[Source "ChessBase"]
[SourceQuality "1"]
[TimeControl "900+5"]

1. e4 c5 2. Nf3 d6 3. Nc3 a6 4. d4 cxd4 5. Nxd4 Nf6 6. Be3 e6 7. a4 Qc7 8. a5 Be7 9. Be2 Bd7 {[%emt 0:00:26] The position is equal.} 10. O-O Nc6 11. Nb3 O-O 12. Bb6 Qc8 13. f4 Nb4 14. Bf3 Bc6 15. Qe2 e5 16. fxe5 dxe5 17. Rad1 Bd7 18. Rd2 Re8 19. Qf2 Be6 20. Nc5 Bc4 21. Rfd1 Nc6 22. Nd7 {[%emt 0:00:47] White is more active.} Nd4 23. Nxe5 $16 Nxf3+ 24. Nxf3 (24. gxf3 $16 Be6 25. Kh1) 24... Ng4 (24... Bb4 $1 $14) 25. Qg3 $18 Bc5+ {[%emt 0:00:18] [#]} 26. Kh1 (26. Nd4 $1 $18 {Bxc5 would now be deadly.} h5 27. h3) 26... Bxb6 $16 27. axb6 Be6 {[%emt 0:01:37] Repels Rd7} (27... Ne3 $16) 28. Nd4 (28. Ng5 $18 {is more deadly. And now Nxe6 would win.} Ne5 29. Qxe5) 28... Nf6 $2 (28... Qb8 $16) 29. e5 $18 Ng4 (29... Nh5 $142 30. Qh4 g6 31. Nxe6 Qxe6) 30. h3 {[%emt 0:00:09] Black is weak on the dark squares} Nh6 (30... Nxe5 $142 31. Ne4 (31. Qxe5 Bg4 $18) 31... Ng6) 31. Ne4 {[%emt 0:00:01] Excellent horsemanship.} Kh8 (31... Re7 $142 32. c4 Kh8) 32. Nd6 {[%emt 0:00:02][%csl LRc8,LRe8] Weighted Error Value: White=0.27 (precise) /Black=0.51.  Loses game:     	---       	Black=1      Mistake:       	White=3     	Black=6      Inaccurate:     	White=2     	Black=4      OK:         	White=13    	Black=6      Best:        	White=2     	---} 1-0

[Event "Grand Prix Romania 1st Stage 2024"]
[Site "Bucuresti"]
[Date "2024.03.23"]
[Round "3.13"]
[White "Negrean, Andrei"]
[Black "Fridman, Daniel"]
[Result "0-1"]
[ECO "E11"]
[WhiteElo "2169"]
[BlackElo "2590"]
[Annotator "TA"]
[PlyCount "126"]
[EventDate "2024.03.20"]
[EventType "swiss"]
[EventCountry "ROU"]
[SourceTitle "playchess.com"]
[Source "ChessBase"]
[SourceQuality "1"]
[TimeControl "900+5"]

1. Nf3 d5 2. d4 Nf6 3. c4 e6 4. g3 Bb4+ 5. Bd2 a5 6. Bg2 O-O 7. O-O dxc4 {[%emt 0:00:02] E11: Damenindisch (Bogoljubow-Variante).} 8. Qc2 b5 9. a4 c6 (9... bxa4 $1 $11 {bleibt in der Remisbreite.} 10. Rxa4 (10. Qxc4 Ba6 $15) (10. Qxa4 Bb7 $15) 10... Nc6) 10. axb5 $16 Bxd2 11. Nfxd2 Nd5 12. Na3 cxb5 13. Nxb5 Ba6 14. Na3 $146 (14. Qxc4 $2 {ist das falsche Schlagen.} Qb6 15. Bxd5 exd5 (15... Bxb5 $2 16. Qxb5 Qxb5 17. Bxa8 $17) 16. Qxd5 Qxb5 17. Qxb5 (17. Qxa8 $2 Nc6 $19) 17... Bxb5 $19) (14. Nc3 $16) ({Predecessor:} 14. Nc3 Nc6 15. e3 Rb8 16. Rfb1 Rb4 17. Na2 Bb5 18. Nxb4 Ncxb4 19. Qc1 Nd3 20. Qd1 {½-½ Chatterjee,D (2196)-Anata,C (2185) BAN-chT Dhaka 2022 (4.5)}) 14... Nc6 $1 $11 15. Ndxc4 (15. Nf3 $14 {scheint genauer.}) 15... Nxd4 $11 16. Qd1 Nc6 17. e4 Ndb4 18. Qxd8 Raxd8 19. Rfd1 f6 20. Bf1 f5 21. exf5 exf5 22. f4 g6 23. Nd6 Bxf1 24. Kxf1 Rd7 25. Ndc4 Rfd8 26. Rxd7 Rxd7 27. Re1 Kg7 28. Re2 Rd4 29. Rd2 Rxd2 30. Nxd2 Kf6 31. Nac4 Nd3 32. Ke2 Nc5 33. Ne3 Nd4+ 34. Kd1 Ke6 35. Kc1 a4 36. Kb1 Kd6 37. Ka2 Kc6 38. Ndc4 (38. Ka3 $11) 38... Nf3 $15 39. h3 h5 (39... Ng1 $15 40. Ne5+ Kb5) 40. Ka3 $11 h4 41. gxh4 Nxh4 42. Ne5+ Kb5 43. Nc2 Ne6 44. Nd3 Ng2 45. Nce1 $2 (45. Ne5 $11) 45... Nxe1 $19 ({Weniger gut wäre} 45... Ngxf4 46. Ne5 $17) ({Nicht} 45... Nexf4 46. b3 $17) 46. Nxe1 Nxf4 47. h4 Nd5 $2 ({Vorzuziehen ist} 47... Kc4 $19 {Droht stark ...Nd3.} 48. Kxa4 Nd3) 48. Nf3 {[%emt 0:00:04] [#]} (48. Nd3 $1 $11) 48... f4 ({Günstiger ist} 48... Ne7 $1 $17 {[%cal Re7c6] ...Nc6 wäre nun fies.} 49. b3 axb3 50. Kxb3 Kc5) 49. b3 $11 axb3 50. Kxb3 $2 {[%emt 0:00:01][%mdl 8192] [#]} (50. Ne5 $11) 50... Kc5 $1 $19 51. Kc2 Ne7 52. Kd3 Kd5 53. Ng5 Ke5 54. Ke2 Kf5 55. Kf3 Nc6 56. Kg2 Ne5 57. Kh3 Nd3 58. Nf3 Ke4 59. Nd2+ Ke3 60. Nc4+ Ke2 61. Nd6 f3 62. Ne4 Nf2+ 63. Nxf2 Kxf2 0-1

[Event "Grand Prix Romania 1st Stage 2024"]
[Site "Bucuresti"]
[Date "2024.03.23"]
[Round "3.14"]
[White "Bernadskiy, Vitaliy"]
[Black "Nedelcu, Teodor-Cosmin"]
[Result "0-1"]
[ECO "B40"]
[WhiteElo "2573"]
[BlackElo "2306"]
[Annotator "RC"]
[PlyCount "151"]
[EventDate "2024.03.20"]
[EventType "swiss"]
[EventCountry "ROU"]
[SourceTitle "playchess.com"]
[Source "ChessBase"]
[SourceQuality "1"]
[TimeControl "900+5"]

1. e4 c5 2. Nf3 e6 3. b3 Nc6 4. Bb2 d5 5. exd5 exd5 6. Bb5 Nf6 7. O-O Be7 8. Ne5 Qc7 9. d4 O-O 10. Bxc6 bxc6 11. dxc5 Bxc5 12. Nd2 Re8 13. Ndf3 Ne4 14. c4 dxc4 15. Qc2 c3 16. Bxc3 Bf5 17. Bb2 Rad8 18. Rae1 f6 19. Qc4+ Rd5 20. Nd3 Bf8 21. Nb4 Bxb4 22. Qxb4 Qf7 23. Nh4 Rb5 24. Qd4 Rd5 25. Qb4 Rb5 26. Qd4 Rd5 27. Qe3 Nd6 28. Qc1 Qd7 29. Rxe8+ Nxe8 30. Nxf5 Rxf5 31. Re1 Nc7 32. Qe3 h5 33. h3 a5 34. Qg3 Kh7 35. Bc3 Rg5 36. Qf3 Nd5 37. Bxa5 Rf5 38. Qd3 g6 39. Bd2 Qa7 40. Re2 Qxa2 41. g4 hxg4 42. hxg4 Re5 43. Rxe5 fxe5 44. Qh3+ Kg8 45. Qd3 Kg7 46. b4 Qa1+ 47. Kg2 Qb2 48. g5 e4 49. Qxe4 Qxd2 50. Qe5+ Kf7 51. Qg3 Qxb4 52. Qh2 Qg4+ 53. Kf1 Qxg5 54. Qh7+ Ke6 55. Qg8+ Kd7 56. Qg7+ Ne7 57. Qd4+ Qd5 58. Qa7+ Ke6 59. Qe3+ Qe5 60. Qb3+ Nd5 61. Qh3+ Qf5 62. Qh8 Qd3+ 63. Kg1 Qd1+ 64. Kg2 Nf4+ 65. Kg3 Nh5+ 66. Kh4 Nf6 67. Qc8+ Ke7 68. Qc7+ Qd7 69. Qe5+ Kf7 70. f3 Qe7 71. Qa1 Nd5+ 72. Kh3 Qe6+ 73. Kg3 Qd6+ 74. Kh3 Qf4 75. Qa3 Qg5 76. Kh2 0-1

[Event "Grand Prix Romania 1st Stage 2024"]
[Site "Bucuresti"]
[Date "2024.03.23"]
[Round "3.15"]
[White "Sgircea, Silvia-Raluca"]
[Black "Bologan, Victor"]
[Result "0-1"]
[ECO "A33"]
[WhiteElo "2224"]
[BlackElo "2594"]
[Annotator "TA"]
[PlyCount "100"]
[EventDate "2024.03.20"]
[EventType "swiss"]
[EventCountry "ROU"]
[SourceTitle "playchess.com"]
[Source "ChessBase"]
[SourceQuality "1"]
[TimeControl "900+5"]

1. Nf3 c5 2. c4 Nc6 3. d4 cxd4 4. Nxd4 e6 5. a3 Bc5 6. Nb3 Be7 7. Nc3 Nf6 8. g3 O-O 9. Bg2 {[%emt 0:00:02] Against d5} b6 10. O-O {[%emt 0:00:59] The position is equal.} Bb7 11. Bf4 Na5 12. Nxa5 Bxg2 13. Kxg2 bxa5 14. Qa4 Qc8 15. Rab1 Qb7+ 16. Kg1 Rfc8 17. Rfc1 Rc5 18. Be3 Rh5 19. f3 {[%emt 0:00:02] Prevents Ng4} Rc8 20. Nb5 (20. Nd1 $14) 20... a6 (20... Re5 $1 $15 21. Kf2 a6) 21. Nd4 $11 e5 22. Nb3 e4 23. Nxa5 Qa8 24. Rf1 d5 (24... Re8 $11 {keeps the balance.} 25. Bd4 exf3 26. exf3 Rf5) 25. cxd5 $2 (25. Rbc1 $16) 25... Nxd5 (25... Qxd5 $15 26. b4 Qe6) 26. Bd4 $14 (26. Qxe4 $2 Nxe3 27. Qxe7 (27. Qxe3 $2 Bc5 $19) 27... Nxf1 28. Kxf1 Rxa5 $19) 26... exf3 27. exf3 Bf6 28. Rbc1 h6 29. Bxf6 (29. Nb3 $14) 29... Nxf6 ({Black should play} 29... Rxc1 $1 $11 30. Rxc1 Nxf6) 30. Nc6 {[%emt 0:00:11] [#] Black must now prevent Ne7+.} Kh8 31. b4 (31. Rf2 $14) 31... Rb5 $11 32. Nd4 Rd5 33. Ne2 (33. Rxc8+ $11 {and White is okay.} Qxc8 34. Qc2) 33... Rd2 $19 34. Rxc8+ Qxc8 35. Rf2 (35. Nf4 {is a better defense.} g5 36. Qb3 (36. Ng2 $2 Qe6 $19) 36... gxf4 37. Qxf7) 35... Qc4 36. Nf4 $2 (36. Nc3 Qxc3 37. Rxd2 Qxd2 38. Qxa6) 36... Qd4 37. Nh3 {[%emt 0:00:02] [#]} Rd1+ $2 (37... Kh7 $1 $19 {aiming for ...Nd5.} 38. Qxa6 Nd5) 38. Kg2 $11 Nd5 39. Qe8+ Kh7 {[%emt 0:00:01] And now ...Ne3+ would win.} 40. Qe4+ Qxe4 41. fxe4 {[%emt 0:00:01][%mdl 4096] Endgame. KRN-KRN} Ne3+ 42. Kf3 Nc4 43. Ra2 Rd3+ 44. Kf4 g5+ 45. Kg4 Kg6 {[%emt 0:00:15][%cal Rc4e5][%mdl 1024] Black has compensation.} ({Much weaker is} 45... Nxa3 46. Kh5 Nc4 47. Rxa6 $11) 46. Nf2 Rc3 {[%emt 0:00:05] ...h5+ is the strong threat.} (46... Rxa3 47. Rxa3 Nxa3 48. Kf3 $11) 47. a4 $2 (47. Kh3 $11) 47... h5+ $19 48. Kh3 Ne3 {[%emt 0:00:07] ( -> ...g4+). Black is clearly winning.} 49. g4 Nd5+ 50. Kg2 Nf4+ {[%emt 0:00:04] Weighted Error Value: White=0.53/Black=0.28 (precise) .  Loses game:     	White=2     	---        Mistake:       	White=6     	Black=4      Inaccurate:     	White=3     	---        OK:         	White=11    	Black=16     Best:        	White=3     	Black=4} ({Less strong is} 50... Nxb4 51. gxh5+ Kxh5 52. Rd2 $15) 0-1

[Event "Grand Prix Romania 1st Stage 2024"]
[Site "Bucuresti"]
[Date "2024.03.23"]
[Round "3.16"]
[White "Kozak, Adam"]
[Black "Vrencian, Lehel"]
[Result "1-0"]
[ECO "A11"]
[WhiteElo "2607"]
[BlackElo "2156"]
[Annotator "TA"]
[PlyCount "119"]
[EventDate "2024.03.20"]
[EventType "swiss"]
[EventCountry "ROU"]
[SourceTitle "playchess.com"]
[Source "ChessBase"]
[SourceQuality "1"]
[TimeControl "900+5"]

1. Nf3 d5 2. g3 Nf6 3. Bg2 c6 4. O-O Bf5 5. d3 e6 6. c4 dxc4 7. dxc4 Qxd1 {[%emt 0:00:01] A11: English Opening: 1...c6.} 8. Rxd1 h6 9. b3 $5 {[%emt 0:00:17][%mdl 4] Leaves trodden paths.} Bc2 10. Rf1 Nbd7 11. Nc3 Bb4 $146 ({Predecessor:} 11... Bh7 12. Bb2 Be7 13. Rad1 O-O 14. Ne1 Rfd8 15. Nd3 Kf8 16. Na4 Rac8 17. Bd4 b5 {1-0 Berczes,D (2460)-Bhakti,K (2388) Budapest FS03 GM 2022 (1)}) 12. Bb2 a5 13. Na4 Be7 14. Rac1 Bh7 15. Rfd1 O-O 16. c5 Rfd8 17. Nd2 Nd5 18. a3 Nc7 19. Nc4 Na6 (19... Nxc5 $11 {keeps the balance.} 20. Rxd8+ Rxd8 21. Nxc5 (21. Nxa5 Nxa4 22. bxa4 Rd2 $11) 21... Bxc5) 20. Nxa5 Naxc5 (20... Ndxc5 $14 21. Nb6 Rxd1+ 22. Rxd1 Rd8) 21. Nxc5 (21. Nxb7 $1 $16 Nxb7 22. Bxc6 (22. Rxc6 $2 Ndc5 $19)) 21... Nxc5 $14 22. b4 $1 {[%emt 0:00:01] Hoping for Rxd8+.} Na4 23. Be5 f6 {[%emt 0:00:15] aiming for ...Rxd1+.} 24. Bc7 Rxd1+ 25. Rxd1 Nc3 26. Rd7 Kf8 {[%emt 0:00:15] [#]} (26... Bf8 $14) 27. Nxb7 (27. Bb6 $1 $16) 27... Rxa3 {[%emt 0:00:09] Strongly threatening ...Ra1+.} 28. Bxc6 Ra1+ (28... Nxe2+ 29. Kf1 Nc3 (29... Bd3 $2 30. Rxd3 Rxd3 31. Kxe2 $18) 30. b5 $16) 29. Kg2 {[%emt 0:00:01] Bd6 is the strong threat.} Be4+ 30. Bxe4 Nxe4 31. Rd4 Nc3 32. Bd8 ({White should try} 32. Bd6 $16) 32... Nxe2 $11 33. Bxe7+ Kxe7 {[%emt 0:00:01][%mdl 4096] Endgame. KRN-KRN} 34. Rc4 Rc1 35. Re4 Nc3 36. Rc4 Ne2 37. Rxc1 Nxc1 {[%emt 0:00:01] KN-KN} 38. Nc5 {[%emt 0:00:06] And now b5 would win.} Kd6 39. Kf3 Kd5 40. Ke3 Na2 41. Nd3 Kc4 42. Nf4 e5 43. Nh5 Nxb4 44. Nxg7 Kd5 45. Nf5 Ke6 46. g4 {[%emt 0:00:01][%cal Oe3f3] White wants to play Kf3!} Nd5+ (46... h5 $1 $11 {remains equal.}) 47. Kf3 $16 Ne7 $2 {[%emt 0:00:07][%mdl 8192] [#]} (47... Nc3 $16) 48. Nxh6 $2 (48. Nxe7 $1 {mates} Kxe7 49. Ke4 Kf8 50. Kf5 Kf7 51. h3 Ke7 52. Kg6 Ke6 53. h4 (53. Kxh6 e4 $18)) 48... Kd5 $2 (48... Nd5 $16 {is a better chance.} 49. Nf5 Kf7) 49. h4 $18 Ng6 50. h5 Ne7 $2 (50... Nf4 $18 51. Nf5 Nh3) 51. Nf5 Nc6 52. h6 Nd8 53. Kg3 Ke6 54. Kh4 Nf7 55. Ng7+ Kd5 56. Kh5 Nh8 57. h7 Ke4 58. Nf5 Kf3 59. Kh6 Kxg4 60. Kg7 1-0

[Event "Grand Prix Romania 1st Stage 2024"]
[Site "Bucuresti"]
[Date "2024.03.23"]
[Round "3.17"]
[White "Stefan, Romulus-Cristian"]
[Black "Gavrilescu, David"]
[Result "0-1"]
[ECO "D02"]
[WhiteElo "2171"]
[BlackElo "2524"]
[Annotator "TA"]
[PlyCount "48"]
[EventDate "2024.03.20"]
[EventType "swiss"]
[EventCountry "ROU"]
[SourceTitle "playchess.com"]
[Source "ChessBase"]
[SourceQuality "1"]
[TimeControl "900+5"]

1. d4 d5 2. Nf3 Nf6 3. Bf4 c5 4. e3 Nc6 5. Nbd2 e6 6. c3 cxd4 7. exd4 Nh5 8. Be3 Bd6 9. Bd3 {[%emt 0:00:04] White has an edge.} Nf4 10. Bxf4 Bxf4 11. O-O O-O 12. Qe2 Qc7 13. Nb3 b6 14. a4 Bd7 15. Rfe1 f6 16. c4 (16. a5 $11) 16... Nb4 $17 {[%emt 0:00:10] Strongly threatening ...Nxd3.} 17. c5 {[%emt 0:00:34] [#]} (17. Nbd2 $17) 17... e5 $1 $19 18. Bb5 (18. dxe5 fxe5) 18... e4 19. Bxd7 (19. Nfd2 $142 Bxb5 (19... Bxh2+ 20. Kh1 $11) 20. axb5) 19... Qxd7 20. Nfd2 Nc2 $1 21. Nf1 Nxe1 22. Qxe1 Rab8 23. g3 Bc7 24. Ne3 f5 {[%emt 0:00:05] Weighted Error Value: White=0.38/Black=0.04 (flawless) .  Mistake:       	White=3     	---        Inaccurate:     	White=1     	Black=1      OK:         	White=2     	Black=7      Best:        	---       	Black=3      Brilliant:      	---       	Black=1} 0-1

[Event "Grand Prix Romania 1st Stage 2024"]
[Site "Bucuresti"]
[Date "2024.03.23"]
[Round "3.18"]
[White "Lupulescu, Constantin"]
[Black "Padurean, Daniel-Cristian"]
[Result "1-0"]
[ECO "D07"]
[WhiteElo "2579"]
[BlackElo "2115"]
[Annotator "TA"]
[PlyCount "107"]
[EventDate "2024.03.20"]
[EventType "swiss"]
[EventCountry "ROU"]
[SourceTitle "playchess.com"]
[Source "ChessBase"]
[SourceQuality "1"]
[TimeControl "900+5"]

1. d4 Nc6 2. Nf3 d5 3. c4 Bg4 4. Nc3 Nf6 5. cxd5 Nxd5 6. e4 Nxc3 7. bxc3 e5 {[%emt 0:00:10] [#]} 8. d5 $1 (8. dxe5 Qxd1+ 9. Kxd1 O-O-O+ (9... Nxe5 10. Be2 $11) 10. Kc2 Bc5 $15) 8... Ne7 9. Qb3 Bxf3 (9... Ng6 $16) 10. gxf3 $18 Qc8 {[%emt 0:00:58] White is clearly better.} 11. Rb1 b6 12. Bb5+ Kd8 {[%emt 0:00:02] [#]} (12... c6 $142) 13. d6 $1 cxd6 14. Qxf7 Ng6 $2 {[%emt 0:00:46] Black is weak on the light squares} (14... a6) 15. Qe8+ (15. O-O $142 Be7 16. Rd1 (16. Qxg7 Qh3 $11)) 15... Kc7 16. Qc6+ Kb8 17. a4 Be7 {[%emt 0:01:48] [#]} 18. a5 $1 Qc7 (18... Qxc6 19. Bxc6) 19. O-O (19. axb6 axb6 20. Be3 (20. Qxc7+ Kxc7 21. Rg1 Bf6 $11) 20... Qxc6 21. Bxc6 Ra6 $16) 19... Rc8 20. Qd5 Qb7 {[%emt 0:02:14] Repels Ba6} 21. Be3 {[%emt 0:00:38] Threatens to win with Qb3.} Qxd5 22. exd5 Kc7 (22... Bd8 $142 23. Bc6 Rxc6 24. dxc6 Nf4) 23. Bc6 {[%emt 0:00:50] A strong pair of Bishops.} Rab8 24. axb6+ axb6 25. Ra1 Kd8 26. Rfb1 Rxc6 27. dxc6 Kc7 28. Ra6 Kxc6 29. Raxb6+ ({Don't do} 29. Rbxb6+ Rxb6 30. Rxb6+ Kc7) 29... Rxb6 30. Rxb6+ {[%emt 0:00:01][%mdl 4096] Endgame. KRB-KBN} Kd5 31. Rb4 Ke6 32. Kf1 Bf6 33. c4 Be7 34. Ke2 Kd7 35. Rb5 Kc6 36. Kd3 Nf8 37. Ra5 Ne6 $2 (37... Kd7 38. f4 exf4) 38. Ra6+ {[%emt 0:00:03] White is clearly winning.} Kd7 39. Ra7+ Ke8 40. Ke4 Kf7 41. f4 exf4 42. Bxf4 Kf6 43. Be3 g5 44. h3 h5 45. f3 Bd8 46. Rh7 Kg6 47. Rd7 Bc7 48. Bf2 (48. Kd5 $142 Kf6 49. Bc1 (49. Bd2 Nc5 $18)) 48... Kf6 49. Kd5 Nf4+ 50. Kc6 Ba5 51. h4 Bb4 52. Bg3 {[%emt 0:00:05] Hoping for Bxf4.} Ne6 53. Bxd6 Nd4+ 54. Kd5 {[%emt 0:00:01] Black got outplayed after the opening.   Weighted Error Value: White=0.36/Black=0.45.  Mistake:       	White=1     	Black=5      Inaccurate:     	White=1     	Black=5      OK:         	White=17    	Black=8      Best:        	White=2     	Black=4} 1-0

[Event "Grand Prix Romania 1st Stage 2024"]
[Site "Bucuresti"]
[Date "2024.03.23"]
[Round "3.19"]
[White "Dumitrescu, Daniel"]
[Black "Moroni, Luca Jr"]
[Result "0-1"]
[ECO "A41"]
[WhiteElo "1997"]
[BlackElo "2580"]
[Annotator "TA"]
[PlyCount "96"]
[EventDate "2024.03.20"]
[EventType "swiss"]
[EventCountry "ROU"]
[SourceTitle "playchess.com"]
[Source "ChessBase"]
[SourceQuality "1"]
[TimeControl "900+5"]

1. Nf3 g6 2. g3 Bg7 3. d4 d6 4. Bg2 Bd7 5. O-O Qc8 6. e4 Nc6 7. c3 Bh3 8. Qb3 ({White should try} 8. Bxh3 $16 Qxh3 9. Qb3) 8... Bxg2 $14 9. Kxg2 Nf6 10. Re1 O-O 11. Bg5 h6 12. Bxf6 Bxf6 13. Nbd2 Bg7 14. Nc4 Rb8 15. a4 a6 16. a5 e6 17. e5 dxe5 18. Ncxe5 Nxe5 19. Nxe5 c5 20. d5 Qc7 (20... exd5 $11 21. Qxd5 Qf5) 21. Nf3 ({White has to play} 21. d6 $1 $16 Qxd6 22. Rad1) 21... c4 $15 22. d6 $1 Qc6 23. Qb6 Qxb6 24. axb6 Rbc8 25. d7 {[%emt 0:00:23] [#]} Rc6 26. Rad1 (26. Ra4 $17) 26... Rd8 $1 $19 (26... Rxb6 $2 27. d8=Q (27. d8=B Rxb2 28. Ne5 Rb5 $16) 27... Rxd8 28. Rxd8+ $18) 27. Ne5 Bxe5 (27... Rxb6 28. Nxc4 Rc6 29. Na5 $17) 28. Rxe5 {[%emt 0:00:02][%mdl 4096] Endgame. KRR-KRR} Kf8 29. Re4 Ke7 (29... Rxb6 30. Rxc4 Rxb2 (30... Ke7 31. Rc7 $17) 31. Rc7) 30. Red4 f6 (30... Rxb6 $19 31. Rxc4 Rxd7 (31... Rxb2 $2 32. Rc7 $17) 32. Rxd7+ Kxd7 33. Rd4+ Ke7) 31. Rh4 (31. R1d2 $17) 31... h5 (31... Rxd7 32. Rxd7+ Kxd7 33. Rxh6 $11) (31... Rxb6 32. Rxh6 e5 33. Rxg6 Rxb2 34. Rg7+ Ke6 35. h4 $16) 32. g4 Rxd7 (32... Rxb6 33. gxh5 gxh5 (33... Rxb2 $2 34. hxg6 Rb5 35. Rh7+ Kf8 36. g7+ Kf7 37. h4 $18) 34. Rxh5 Rxb2 35. Rh7+ Kf8 36. Rd4 $11) 33. Rxd7+ Kxd7 34. gxh5 gxh5 (34... Rxb6 $2 35. h6 (35. Rxc4 gxh5 36. b4 Rc6 $17) (35. hxg6 Rxb2 36. g7 Rb5 $18) 35... Rc6 36. h7 $18) 35. Rxh5 Rxb6 {[%emt 0:00:01] KR-KR} 36. h4 (36. Rh7+ $17 Kd6 37. h4) 36... Rxb2 37. Rc5 b5 38. h5 {[%emt 0:00:30] Threatens to win with h6.} Ke7 39. Rc7+ {[%emt 0:02:02] [#]} Kf8 $1 ({Not} 39... Kd6 $2 40. h6 Kxc7 (40... Rxf2+ $2 41. Kxf2 Kxc7 42. h7 $18) 41. h7 $18) 40. Rc6 $2 (40. Kf3) 40... Rb3 41. Rxe6 Kg7 ({Less strong is} 41... Rxc3 42. h6 (42. Rxf6+ $2 {perishes.} Kg7 $19) 42... Kf7 43. Rxa6 $19) 42. Rxa6 Rxc3 {[%emt 0:00:04] Strongly threatening ...b4.} 43. h6+ Kg6 {[%emt 0:00:23][%cal Ob5b4] Hoping for ...b4!} 44. h7 Kxh7 45. Rxf6 b4 {[%emt 0:00:04] ( -> ...Rc2)} 46. Kf1 b3 47. Rb6 Rc2 48. Ke1 b2 {[%emt 0:00:03] Weighted Error Value: White=0.80/Black=0.09 (flawless) .  Mistake:       	White=6     	Black=2      Inaccurate:     	White=4     	Black=2      OK:         	White=9     	Black=15     Best:        	White=2     	Black=4      Strong:       	White=1     	Black=2} 0-1

[Event "Grand Prix Romania 1st Stage 2024"]
[Site "Bucuresti"]
[Date "2024.03.23"]
[Round "3.20"]
[White "Jianu, Vlad-Cristian"]
[Black "Voiteanu, Gabriel"]
[Result "1-0"]
[ECO "D77"]
[WhiteElo "2491"]
[BlackElo "2120"]
[Annotator "TA"]
[PlyCount "77"]
[EventDate "2024.03.20"]
[EventType "swiss"]
[EventCountry "ROU"]
[SourceTitle "playchess.com"]
[Source "ChessBase"]
[SourceQuality "1"]
[TimeControl "900+5"]

1. d4 d5 2. Nf3 Nf6 3. g3 g6 4. Bg2 Bg7 5. O-O O-O 6. c4 Nc6 7. Nbd2 dxc4 8. Nxc4 Nd5 9. e3 Nb6 10. Nce5 Nxe5 {[%emt 0:00:49] Die Stellung ist ausgeglichen.} 11. Nxe5 c5 12. Nf3 Qc7 (12... Bd7 $11) 13. Qc2 Be6 14. Bd2 Rac8 15. Rfc1 Rfd8 (15... Nc4 $11) 16. Ba5 c4 17. Ng5 {[%emt 0:01:22] Weiss will Nxe6 spielen.} Bd5 18. e4 f6 (18... Bc6 $11) 19. Nf3 {[%emt 0:00:51] Weiß steht aktiver.} (19. Bh3 $142 {Zielt auf Ne6 ab.} fxg5 20. exd5 (20. Bxc8 Bf7 $16)) 19... Bf7 20. Rd1 Qd7 21. Rac1 ({Besser ist} 21. a4 $16) 21... Qb5 22. Bd2 Qa4 23. Qxa4 Nxa4 24. Rc2 b5 25. Ba5 Rd6 26. b3 Nb6 27. Rdc1 Rcd8 ({Vorzuziehen ist} 27... Bh6 $11 28. Rb1 Bg7) 28. d5 {[%emt 0:00:03] Nd4 wäre nun fies.} cxb3 (28... f5 $14) 29. axb3 $16 f5 30. Ng5 $36 {[%emt 0:00:14][%mdl 2048] Weiss ist am Drücker.} fxe4 31. Nxf7 ({Und nicht} 31. Nxe4 Rxd5 32. Bf1 h6 $11) 31... Kxf7 32. Bxe4 R8d7 (32... Bf6 $16 33. Kg2 Bd4) 33. Bb4 $18 Rf6 34. Rc7 {[%emt 0:00:04] Rxd7 ist eine echte Drohung.} Rxc7 {[%emt 0:00:17] [#]} (34... a5 {ist eine bessere Chance.} 35. Bxa5 Rxc7 36. Rxc7 Rd6) 35. Rxc7 a5 36. Rxe7+ Kf8 (36... Kg8 $142) 37. Bc5 {[%emt 0:00:01] Weiß steht klar auf Gewinn.} Kg8 38. Rb7 Nc8 39. Rb8 {[%emt 0:00:04] Gewichteter Fehlerwert: Weiß=0.25 (präzise) /Schwarz=0.44.  Fehler:       	Weiß=2     	Schwarz=8     Ungenau:       	Weiß=6     	Schwarz=1     OK:         	Weiß=4     	Schwarz=6     Bester:       	Weiß=4     	Schwarz=1} 1-0